 Dungeon Crawl Stone Soup version 0.13-a0-2214-g11ebcbd (webtiles) character file.

258 Bruce the Cutter (level 5, 0/35 HPs)
             Began as a High Elf Skald on July 4, 2013.
             Slain by an orc wizard
             ... wielding a +0,+0 orcish flail
              (7 damage)
             ... while paralysed by a potion of paralysis
             ... on Level 3 of the Dungeon.
             The game lasted 00:12:13 (1973 turns).

Bruce the Cutter (High Elf Skald)                   Turns: 1973, Time: 00:12:13

HP   0/35        AC  3     Str 11      XL: 5   Next:  3%
MP   2/13        EV  2     Int 20      God:
Gold 117         SH  0     Dex 16      Spells:  4 memorised,  1 level left

Res.Fire  : + . .   See Invis. : .   a - +0 elf short sword
Res.Cold  : . . .   Warding    : .   b - +0 elf leather armour
Life Prot.: . . .   Conserve   : .   (no shield)
Res.Poison: .       Res.Corr.  : .   (no helmet)
Res.Elec. : .       Clarity    : .   (no cloak)
Sust.Abil.: . .     Spirit.Shd : .   (no gloves)
Res.Mut.  : .       Stasis     : .   (no boots)
Res.Rott. : .       Flight     : .   (no amulet)
Saprovore : . . .                    (no ring)
                                     p - ring of protection from fire

@: paralysed, confused, brilliant, slightly resistant to hostile enchantments,
extremely unstealthy
A: no striking features
a: no special abilities


You were on level 3 of the Dungeon.
You were not hungry.

You visited 1 branch of the dungeon, and saw 4 of its levels.

You collected 97 gold pieces.

Inventory:

Hand weapons
 a - a +0,+0 elven short sword (weapon)
 k - a +0,+0 spear
Missiles
 g - 20 darts (quivered)
 i - 24 bolts
 w - 2 curare-tipped needles
 x - 12 poisoned needles
Armour
 b - a +0 elven leather armour (worn)
Magical devices
 s - a wand of digging (12)
Comestibles
 d - 2 bread rations
 f - 2 chokos
Scrolls
 l - a scroll of blinking
 t - 2 scrolls of random uselessness
Jewellery
 p - a ring of protection from fire (left hand)
Potions
 n - 2 potions of restore abilities
 q - a potion of speed
Books
 c - a book of Battle

   Spells                             Type                      Level
   *Infusion                          Charms                       1
   *Shroud of Golubria                Charms/Translocation         2
   Song of Slaying                    Charms                       2
   *Spectral Weapon                   Hexes/Charms                 3
   *Regeneration                      Charms/Necromancy            3
   Song of Shielding                  Charms                       5


   Skills:
 - Level 2.0 Fighting
 * Level 4.7 Short Blades
 - Level 0.8 Armour
 + Level 2.3 Dodging
 + Level 3.2 Spellcasting
 - Level 4.3 Charms


You had one spell level left.
You knew the following spells:

 Your Spells              Type           Power        Failure   Level  Hunger
a - Infusion              Chrm           ####..       1%          1    None
G - Shroud of Golubria    Chrm/Tloc      ###.......   1%          2    ##.....
R - Regeneration          Chrm/Necr      ###.......   2%          3    ###....
W - Spectral Weapon       Hex/Chrm       ###.....     2%          3    ###....


Dungeon Overview and Level Annotations

Branches:
Dungeon (4/27)
 Temple: D:4-7

Altars:

Annotations
D:2 1 exclusion, Terence


Message History

It was a scroll of identify.
You hear some strange, mumbled words.
Something tries to affect you, but you resist.
You are feeling hungry.
You barely miss it.
You hear some strange, mumbled words.
The magic dart hits you!
* * * LOW HITPOINT WARNING * * *
Drink which item? (? for menu, Esc to quit)
You feel more clever all of a sudden.
It was a potion of brilliance.
It hits you.
* * * LOW HITPOINT WARNING * * *
Drink which item? (? for menu, Esc to quit)
You suddenly lose the ability to move!
It was a potion of paralysis.
You hear some strange, mumbled words.
Something tries to affect you, but you resist.
You hear some strange, mumbled words.
You are confused.
It hits you!
You die...

..## ......# <..# ##
....!# .#..... .. ....#
...#.#####... ...#####
.............. ......#
##.###.#....#+##.....#
.......#...##.##)....####
..............[..........
######.#......##@........
.........#.#####..........
######...#................
######...#................
.........+......''.......
#######.##......##.......
#..'...............
####......##......
#......# .....


There were no monsters in sight!

Vanquished Creatures
  An orc priest (D:3)
  An orc wizard (D:3)
  Jessica (D:2)
  An adder (D:2)
  A giant gecko (D:2)
  An ooze (D:2)
  7 orcs (D:3)
  2 ball pythons
  6 goblins
  5 hobgoblins
  8 bats
  2 giant cockroaches
  6 giant newts
  6 kobolds
  6 rats
54 creatures vanquished.

Notes
Turn   | Place    | Note
--------------------------------------------------------------
     0 | D:1      | Bruce, the High Elf Skald, began the quest for the Orb.
     0 | D:1      | Reached XP level 1. HP: 14/14 MP: 3/3
   366 | D:1      | Reached XP level 2. HP: 12/19 MP: 1/5
   405 | D:1      | Learned a level 2 spell: Shroud of Golubria
   477 | D:2      | Noticed Jessica
   493 | D:2      | Killed Jessica
   493 | D:2      | Reached skill level 4 in Charms
   493 | D:2      | Reached XP level 3. HP: 10/24 MP: 0/7
   501 | D:2      | Learned a level 3 spell: Regeneration
   634 | D:2      | Noticed Terence
  1314 | D:3      | Reached XP level 4. HP: 21/30 MP: 5/10
  1786 | D:3      | Noticed an ogre
  1917 | D:3      | Learned a level 3 spell: Spectral Weapon
  1943 | D:3      | Reached XP level 5. HP: 31/35 MP: 3/13
  1970 | D:3      | Paralysed by a potion of paralysis for 5 turns
  1973 | D:3      | Slain by an orc wizard

Action                   |  1- 3 |  4- 6 || total
-------------------------+-------+-------++-------
Melee: Short sword       |   106 |    72 ||   178
Throw: Dart              |     8 |     2 ||    10
 Cast: Infusion          |    15 |     5 ||    20
       Regeneration      |     2 |     3 ||     5
       Shroud of Golubri |     1 |     1 ||     2
       Spectral Weapon   |       |     1 ||     1
  Use: Scroll            |       |     7 ||     7
       Potion            |       |     4 ||     4
